 Dungeon Crawl Stone Soup version 0.19.1 (webtiles) character file.

1580 MirrMurr the Cudgeler (level 8, -2/50 HPs)
             Began as a Gargoyle Berserker on Dec 10, 2016.
             Was a Priest of Trog.
             Slain by a hornet zombie (4 damage)
             ... on level 6 of the Dungeon.
             The game lasted 00:14:19 (5756 turns).

MirrMurr the Cudgeler (Gargoyle Berserker)          Turns: 5756, Time: 00:14:20

Health: -2/50      AC: 11    Str: 20    XL:     8   Next: 91%
Magic:  8/8        EV: 12    Int:  9    God:    Trog [***...]
Gold:   209        SH:  0    Dex: 11    Spells: 0 memorised, 7 levels left

rFire  . . .     SeeInvis .     a - +1 mace
rCold  . . .     Gourm    .     e - +0 ring mail
rNeg   + . .     Faith    .     (no shield)
rPois  ∞         Spirit   .     (no helmet)
rElec  +         Reflect  .     (no cloak)
rCorr  .         Harm     .     (no gloves)
MR     .....                    (no boots)
Stlth  +.........               (no amulet)
                                (no ring)
                                (no ring)

@: no status effects
A: negative energy resistance 1, electricity resistance, unbreathing,
petrification resistance, rot immunity, AC +5
a: Berserk, Trog's Hand, Burn Spellbooks, Renounce Religion


You were on level 6 of the Dungeon.
You worshipped Trog.
Trog was most pleased with you.
You were not hungry.

You visited 2 branches of the dungeon, and saw 7 of its levels.

You collected 209 gold pieces.

Inventory:

Hand Weapons
 a - a +1 mace (weapon)
 b - a +0 blowgun
Missiles
 n - 17 poisoned needles
 o - 210 stones
 s - 2 throwing nets
 y - 2 tomahawks of returning (quivered)
 A - 8 tomahawks
Armour
 e - a +0 ring mail (worn)
 u - a +0 shield
 z - the +2 leather armour "Xoet" {-Tele rPois rCorr Str+2, unknown}
   (You found it on level 5 of the Dungeon)

   It affects your strength (+2).
   It protects you from poison.
   It prevents most forms of teleportation.
   It protects you from acid and corrosion.
Jewellery
 i - an uncursed amulet of faith {unknown}
 v - a cursed -5 ring of dexterity {unknown}
Wands
 t - a wand of disintegration (24/24)
Scrolls
 l - a scroll of fear
 m - 2 scrolls of teleportation
 r - a scroll of remove curse
 w - 2 scrolls of amnesia {unknown}
 C - a scroll of enchant weapon
Potions
 d - a potion of might {unknown}
 h - a potion of mutation {unknown}
 j - 2 potions of brilliance {unknown}
 k - 2 potions of haste
 q - 3 potions of berserk rage {unknown}
 B - a potion of lignification {unknown}
Comestibles
 c - 4 bread rations
 f - 2 chunks of flesh
 g - 2 meat rations
 p - 2 fruits
 x - a beef jerky


   Skills:
 + Level 5.5 Fighting
 + Level 7.9 Maces & Flails
 + Level 5.7 Armour
 + Level 4.2 Dodging


You had 7 spell levels left.
You didn't know any spells.

Dungeon Overview and Level Annotations

Branches:
Dungeon (6/15)             Temple (1/1) D:5

Altars:
Fedhas
Kikubaaqudgha
Makhleb
Nemelex Xobeh
Okawaru
Qazlal
Ru
Trog
Xom
Yredelemnul


Innate Abilities, Weirdness & Mutations

You are resistant to torment.
Your stone body is resilient. (AC +5)
You are immune to poison.
You resist negative energy. (rN+)
You are resistant to electric shocks. (rElec)
You can survive without breathing.
You are immune to petrification.
You are immune to rotting.


Message History

You barely miss the hornet zombie.
The hornet zombie is severely damaged.
The hornet zombie hits you.
* * * LOW HITPOINT WARNING * * *
You hit the hornet zombie.
The hornet zombie is severely damaged.
The hornet zombie hits you but does no damage.
The hornet zombie hits you.
* * * LOW HITPOINT WARNING * * *
You hit the hornet zombie.
The hornet zombie is almost destroyed.
The hornet zombie hits you but does no damage.
You hit the hornet zombie.
The hornet zombie is almost destroyed.
The hornet zombie hits you.
* * * LOW HITPOINT WARNING * * *
You hit the hornet zombie but do no damage.
The hornet zombie is almost destroyed.
The hornet zombie hits you.
You die...

#.....###..#......####
##...## #..####
##...## ##..# ##..###
#..## #..## ##..# #.##
##...## ### ##.....#
##......## #.@.%....#
#.Z.(.....#
#...........#
#.............#
#.(............#
#........!......
#...............
..)............


You could see a hornet zombie.

Vanquished Creatures
  3 ice beasts
  A sky beast (D:5)
  A hornet zombie (D:6)
  2 centaurs (D:5)
  Blork the orc (D:6)
  2 scorpions
  A hound (D:4)
  A bullfrog skeleton (D:5)
  A bullfrog zombie (D:5)
  A gnoll shaman (D:4)
  3 orc priests (D:5)
  A jelly (D:5)
  6 orc wizards
  3 worker ants
  A hound zombie (D:5)
  10 gnolls
  A howler monkey skeleton (D:5)
  8 adders
  An ooze (D:1)
  3 adder skeletons
  3 worms
  2 dart slugs
  3 leopard geckos
  14 orcs
  A ball python (D:4)
  6 bats
  7 giant cockroaches
  9 goblins
  6 hobgoblins
  13 jackals
  2 quokkas
  7 frilled lizards
  12 kobolds
  6 rats
142 creatures vanquished.

Notes
Turn   | Place    | Note
-------+----------+-------------------------------------------
     0 | D:1      | MirrMurr the Gargoyle Berserker began the quest for the Orb.
     0 | D:1      | Reached XP level 1. HP: 14/14 MP: 1/1
   331 | D:1      | Reached XP level 2. HP: 19/19 MP: 2/2
   641 | D:1      | Reached XP level 3. HP: 24/24 MP: 3/3
  1023 | D:2      | Reached ** piety under Trog
  1080 | D:2      | Found a shimmering altar of Xom.
  1430 | D:2      | Reached XP level 4. HP: 29/29 MP: 4/4
  1681 | D:3      | Reached skill level 4 in Maces & Flails
  2259 | D:3      | Reached XP level 5. HP: 28/33 MP: 5/5
  2523 | D:4      | Found a bloodstained altar of Trog.
  2600 | D:4      | Reached *** piety under Trog
  2722 | D:4      | Reached skill level 5 in Maces & Flails
  2722 | D:4      | Reached XP level 6. HP: 19/39 MP: 6/6
  3140 | D:4      | Reached XP level 7. HP: 19/44 MP: 7/7
  3895 | D:5      | Entered Level 5 of the Dungeon
  3968 | D:5      | Reached skill level 6 in Maces & Flails
  4003 | D:5      | Found a staircase to the Ecumenical Temple.
  4012 | Temple   | Entered the Ecumenical Temple
  4211 | D:5      | Reached skill level 5 in Fighting
  4835 | D:5      | Reached XP level 8. HP: 48/49 MP: 8/8
  4987 | D:5      | Got a jacinth-encrusted leather armour
  5186 | D:5      | HP: 2/49 [orc wizard/magic dart (4)]
  5204 | D:5      | Reached skill level 7 in Maces & Flails
  5204 | D:5      | Reached skill level 5 in Armour
  5573 | D:6      | Noticed Blork the orc
  5613 | D:6      | Killed Blork the orc
  5755 | D:6      | HP: 2/50 [hornet zombie (3)]
  5756 | D:6      | Slain by a hornet zombie

Skill      XL: |  1  2  3  4  5  6  7  8 |
---------------+-------------------------+-----
Fighting       | 4 5 |  5.5
Maces & Flails | 4 5 6 7 |  7.9
Dodging        | 2 3 4 |  4.2
Armour         | 3 4 5 |  5.7

Action                   |  1- 3 |  4- 6 |  7- 9 || total
-------------------------+-------+-------+-------++-------
Melee: Mace              |   125 |   277 |   296 ||   698
 Fire: Blowgun           |       |     2 |     5 ||     7
Throw: Throwing net      |       |     2 |       ||     2
       Tomahawk          |       |     2 |       ||     2
Invok: Berserk           |       |     3 |     1 ||     4
       Trog's Hand       |       |     2 |     3 ||     5
  Use: Scroll            |     4 |     3 |     3 ||    10
       Potion            |       |     1 |     4 ||     5
 Stab: Fleeing           |       |     1 |       ||     1
  Eat: Chunk             |     2 |     9 |    11 ||    22
Armor: Ring mail         |    67 |   156 |   148 ||   371
       Animal skin       |     3 |       |       ||     3
Dodge: Dodged            |    91 |   161 |   203 ||   455
